 Dungeon Crawl Stone Soup version 0.30-a0-760-g5a9884bb7c (webtiles) character file.

Game seed: 6678253280713210001

25 boo the Trooper (level 3, 0/33 HPs)
             Began as a Hill Orc Fighter on Feb 10, 2023.
             Succumbed to an adder's poison
             ... on level 2 of the Dungeon.
             The game lasted 00:01:15 (535 turns).

boo the Trooper (Hill Orc Fighter)                   Turns: 535, Time: 00:01:16

Health: 0/33       AC: 10    Str: 20    XL:     3   Next: 4%
Magic:  3/3        EV:  7    Int:  8    God:
Gold:   46         SH:  4    Dex: 10    Spells: 2/2 levels left

rFire   . . .      SeeInvis .    a - +0 war axe
rCold   . . .      Faith    .    c - +0 buckler
rNeg    . . .      Spirit   .    g - +0 chain mail
rPois   .          Reflect  .    (no helmet)
rElec   .          Harm     .    f - +0 cloak
rCorr   .          Rampage  .    (no gloves)
Will    .....                    (no boots) Stlth
                                 (no amulet)
HPRegen 0.25/turn                (no ring)
MPRegen 0.08/turn                (no ring)

@: lethally poisoned (0 -> -7)
A: no striking features
a: no special abilities


You were on level 2 of the Dungeon.
You visited 1 branch of the dungeon, and saw 2 of its levels.

You collected 46 gold pieces.

Inventory:

Hand Weapons
 a - a +0 war axe (weapon)
Armour
 c - a +0 buckler (worn)
 f - a +0 cloak (worn)
 g - a +0 chain mail (worn)
Scrolls
 e - a scroll of torment {unknown}
Potions
 b - a potion of mutation {unknown}
 d - a potion of might
 h - 2 potions of curing {unknown}


   Skills:
 + Level 3.9 Fighting
 * Level 3.5 Axes
 + Level 3.5 Armour
 + Level 3.5 Shields


You had 2 spell levels left.
You didn't know any spells.
Your spell library was empty.

Dungeon Overview and Level Annotations

Branches:
Dungeon (2/15)

Altars:

Shops:
D:1 ?

Annotations:
D:2 Sigmund


Message History

Something hits you.
You're too confused to move!
The adder barely misses you. The adder bites you but does no damage.
You barely miss something. You completely miss the adder.
You hear some strange, mumbled words.
You are more confused.
The adder bites you.
You are poisoned.
The adder poisons you! Something hits you but does no damage.
You closely miss something. You miss the adder.
You feel sick. The adder bites you but does no damage. The adder bites you.
You are more poisoned.
The adder poisons you! Something hits you but does no damage.
You feel sick. The adder bites you but does no damage.
You feel sick. The adder bites you. Something hits you!
The adder bites you but does no damage.
You bump into the rock wall.
You feel sick. The adder barely misses you. Something hits you.
You barely miss the adder. You barely miss something.
You feel sick. The adder bites you.
You are more poisoned.
The adder poisons you! The adder bites you but does no damage.
You're too confused to move!
You feel sick.
You hear some strange, mumbled words.
A puff of flame appears from out of thin air!
The puff of flame hits you but does no damage.
The adder closely misses you.
You're too confused to move!
You feel less confused.
You feel sick. Something hits you.
* * * LOW HITPOINT WARNING * * *
The adder bites you but does no damage.
You hit something. You closely miss the adder.
You feel sick. The adder bites you.
* * * LOW HITPOINT WARNING * * *
You are more poisoned.
The adder poisons you! The adder barely misses you.
Something hits you but does no damage.
You barely miss something. You barely miss the adder.
You die...

#### ...#
...####
####.......
..........
.........
######{.>.....
#....@........
#....S....##.#
#.........#
#.........#
#.........#
#.......)..#
#!........>#
##.........#
##......?...


You could see an adder.

Vanquished Creatures
  2 bats (D:1)
  2 endoplasms (D:1)
  A giant cockroach (D:1)
  3 hobgoblins (D:1)
  2 jackals (D:1)
  A quokka (D:1)
  3 ball pythons (D:1)
  2 frilled lizards (D:1)
  2 goblins (D:1)
  6 rats (D:1)
24 creatures vanquished.

Notes
Turn   | Place    | Note
-------+----------+-------------------------------------------
     0 | D:1      | boo the Hill Orc Fighter began the quest for the Orb.
     0 | D:1      | Reached XP level 1. HP: 19/19 MP: 1/1
   100 | D:1      | Reached XP level 2. HP: 27/27 MP: 2/2
   381 | D:1      | Found The Oracle's Delphic Readings.
   437 | D:1      | Reached XP level 3. HP: 32/33 MP: 3/3
   518 | D:2      | Noticed Sigmund
   535 | D:2      | Succumbed to an adder's poison

Illustrated notes

Levels and vault maps discovered:
D:1:      lemuel_arrival_behind_the_door_large, layout_rooms,
          nicolae_nh_oracle_at_delphi
D:2:      layout_rooms, nicolae_underground_beach, uniq_sigmund

Skill      XL: |  1 |
---------------+----+-----
Axes           | 3 |  3.5
Fighting       | |  3.9
Armour         | |  3.5
Shields        | |  3.5

Action                     || total
---------------------------++-------
  Melee: War axe           ||    72
 Armour: Scale mail        ||    10
         Chain mail        ||    38
  Dodge: Dodged            ||    31
  Block: Buckler           ||    12

Table legend: (Time is in decaauts)
 A = Elapsed time spent in this place.
 B = Non-inter-level travel time spent in this place.
 C = Inter-level travel time spent in this place.
 D = Time resting spent in this place.
 E = Time spent auto-exploring this place.
 F = Levels seen in this place.
 G = Mean time per level.
                   A        B        C        D        E       F      G
               +--------+--------+--------+--------+--------+-----+--------+
         Total |    562 |    529 |     33 |      0 |    351 |   2 |  281.0 |
       Dungeon |    562 |    529 |     33 |      0 |    351 |   2 |  281.0 |
               +--------+--------+--------+--------+--------+-----+--------+

Top non-repeatable levels by time:
     D:1: 543 daAuts
     D:2: 19 daAuts
